 Dungeon Crawl Stone Soup version 0.29.0-11-gd7f09526c8 (webtiles) character file.

Game seed: 4727148473108557535

7812 blackman the Cleaver (level 11, -4/81 HPs)
             Began as a Demonspawn Delver on Sept 6, 2022.
             Was a Priest of Makhleb.
             Asphyxiated
             ... on level 9 of the Dungeon.
             The game lasted 00:29:37 (10110 turns).

blackman the Cleaver (Demonspawn Delver)           Turns: 10110, Time: 00:29:37

Health: -4/81      AC: 21    Str: 23    XL:     11   Next: 1%
Magic:  11/11      EV:  7    Int: 11    God:    Makhleb [***...]
Gold:   428        SH:  5    Dex: 22    Spells: 10/10 levels left

rFire   . . .      SeeInvis .   e - +1 battleaxe of Monwuyr {freeze, rC+ rN+ rCorr Str+7}
rCold   + . .      Faith    .   (shield currently unavailable)
rNeg    + . .      Spirit   .   a - +0 plate armour
rPois   .          Reflect  +   (helmet restricted)
rElec   .          Harm     .   C - +2 cloak
rCorr   +          Rampage  .   b - +1 pair of gloves
Will    .....                   L - +0 pair of boots
Stlth   +.........              l - amulet of reflection
HPRegen 1.03/turn               u - +4 ring of protection
MPRegen 0.12/turn               (no ring)

@: lethally poisoned (-4 -> -31), slowed, very slow
A: horns 2, thin skeletal structure 2, powered by pain 1, agile 1, regeneration
1, MP-powered wands
a: Renounce Religion, Minor Destruction, Lesser Servant of Makhleb


You were on level 9 of the Dungeon.
You worshipped Makhleb.
Makhleb was most pleased with you.
You visited 2 branches of the dungeon, and saw 10 of its levels.

You collected 428 gold pieces.

Inventory:

Hand Weapons
 e - the +1 battleaxe of Monwuyr (weapon) {freeze, rC+ rN+ rCorr Str+7}
   (You found it on level 4 of the Dungeon)

   It freezes those it strikes, dealing additional cold damage.
   It can also slow down cold-blooded creatures.
   Str:       It affects your strength (+7).
   rC:        It protects you from cold.
   rN:        It protects you from negative energy.
   rCorr:     It protects you from acid and corrosion.
Missiles
 j - 3 javelins
 n - 24 poisoned darts (quivered)
Armour
 a - a +0 plate armour (worn)
 b - a +1 pair of gloves (worn)
 y - a +0 chain mail
 C - a +2 cloak (worn)
 L - a +0 pair of boots (worn)
Jewellery
 l - an amulet of reflection (around neck)
 q - a ring of protection from fire
 u - a +4 ring of protection (left hand)
 E - a +6 ring of intelligence
 F - a ring of flight
 I - a ring of fire
Wands
 g - a wand of digging (2)
 h - a wand of roots (1)
 G - a wand of charming (18)
Scrolls
 c - 3 scrolls of fog
 i - a scroll of poison
 k - 3 scrolls of vulnerability {unknown}
 p - a scroll of silence
 t - a scroll of magic mapping
 v - 2 scrolls of enchant weapon
 w - 4 scrolls of teleportation
 x - 2 scrolls of blinking {unknown}
 H - a scroll of brand weapon
 J - a scroll of immolation
 K - a scroll of amnesia
Potions
 d - 2 potions of attraction
 m - 4 potions of brilliance
 o - a potion of mutation
 r - a potion of might {unknown}
 s - 2 potions of curing
 z - a potion of resistance
 A - a potion of lignification
 B - a potion of invisibility {unknown}
 D - 2 potions of flight {unknown}


   Skills:
 * Level 6.1 Fighting
 - Level 14.1(14.2) Axes
 - Level 3.1(9.7) Maces & Flails
 * Level 2.6 Armour
 - Level 1.7 Dodging
 - Level 4.5 Stealth


You had 10 spell levels left.
You didn't know any spells.
Your spell library contained the following spells:

 Spells                   Type           Power      Damage    Failure   Level
 Apportation              Tloc           0%         N/A       100%        1
 Magic Dart               Conj           0%         1d3       100%        1
 Call Imp                 Summ           0%         N/A       100%        2
 Ensorcelled Hibernation  Hex/Ice        0%         N/A       100%        2
 Scorch                   Fire           0%         2d5       100%        2
 Gell's Gravitas          Tloc           0%         N/A       100%        3
 Lesser Beckoning         Tloc           0%         N/A       100%        3
 Mephitic Cloud           Conj/Pois/Air  0%         N/A       100%        3
 Spider Form              Tmut/Pois      0%         N/A       100%        3
 Summon Guardian Golem    Hex/Summ       0%         N/A       100%        3
 Teleport Other           Tloc           0%         N/A       100%        3
 Anguish                  Hex/Necr       0%         N/A       100%        4
 Flame Wave               Conj/Fire      0%         2d4       100%        4
 Petrify                  Tmut/Erth      0%         N/A       100%        4
 Alistair's Intoxication  Tmut/Pois      0%         N/A       100%        5
 Metabolic Englaciation   Hex/Ice        0%         N/A       100%        5
 Statue Form              Tmut/Erth      0%         N/A       100%        6
 Summon Cactus Giant      Summ           0%         N/A       100%        6
 Orb of Destruction       Conj           0%         9d5       100%        7
 Spellforged Servitor     Conj/Summ      0%         N/A       100%        7


Dungeon Overview and Level Annotations

Branches:
Dungeon (9/15)             Temple (1/1) D:6
   Lair: D:8-11         Orc: D:9-12

Altars:
Cheibriados
Dithmenos
Fedhas
Gozag
Hepliaklqana
Kikubaaqudgha
Makhleb
Nemelex Xobeh
Okawaru
Qazlal
Ru
Trog
Vehumet
Wu Jian
Xom
Yredelemnul

Shops:
D:5 [([(*   D:8 =

Annotations:
D:5 2 runed translucent doors, Thoth777's ghost, novice FoFi


Innate Abilities, Weirdness & Mutations

You have a pair of horns on your head.
You have a moderately thin skeletal structure. (Dex +4, Stealth++)
You sometimes gain a little power by taking damage.
You are agile. (Dex +4, Str/Int -1)
Your natural rate of healing is unusually fast.
You expend magic power (3 MP) to strengthen your wands.


Message History

You hit the two-headed ogre but do no damage.
You headbutt the two-headed ogre, but do no damage.
The two-headed ogre is moderately wounded.
The two-headed ogre hits you with a +0 dire flail!
The two-headed ogre hits you with a +0 dire flail.
You slice the two-headed ogre!! You freeze the two-headed ogre!
You headbutt the two-headed ogre, but do no damage.
The two-headed ogre is severely wounded.
Your surroundings suddenly seem different.
A kobold brigand comes into view.
It is wielding a +0 vorpal trident and quivering curare-tipped darts.
The kobold brigand shouts!
You hear a shout!
The kobold brigand throws a curare-tipped dart.
The curare-tipped dart hits you.
You are poisoned.
You have difficulty breathing.
You feel yourself slow down.
A centaur warrior comes into view.
You hear a howl!
A yak comes into view.
You feel extremely sick.
The yak bellows!
The centaur warrior wields a +0 shortbow.
The centaur warrior shoots an arrow.
The arrow hits you but does no damage.
The kobold brigand throws a curare-tipped dart.
The curare-tipped dart hits you.
You are more poisoned.
You have difficulty breathing.
You feel as though you will be slow longer.
The centaur warrior shoots an arrow.
The arrow hits you!
* * * LOW HITPOINT WARNING * * *
* * * LOW HITPOINT WARNING * * *
You feel extremely sick.
The centaur warrior unwields a +0 shortbow.
The centaur warrior hits you.
* * * LOW HITPOINT WARNING * * *
The centaur warrior kicks you but does no damage.
The kobold brigand throws a curare-tipped dart.
The curare-tipped dart hits you.
You are more poisoned.
You have difficulty breathing.
You die...

#.#.# #.#.# ## #.#.# ..
#.#.# .# #...#####
#........ #........ #.
..#. .#..#........ #.#
... ... #@....... ...#..
..#.c........ #....
....#K.......
.#.o#...#..#........
###..#....#....#...Y....
....##.........#........
.#########.## #........
.#####...[#|# #........
.#..##.o.#.#.# #


You could see a centaur warrior, a yak and a kobold brigand.

Vanquished Creatures
  An orc knight (D:9)
  An orc sorcerer (D:8)
  A manticore (D:9)
  2 trolls (D:9)
  3 hornets
  Prince Ribbit (D:7)
  5 yaks (D:9)
  2 steam dragons
  Menkaure (D:4)
  An acid dragon (D:9)
  A water moccasin (D:9)
  5 orc warriors
  An ice beast (D:7)
  2 sky beasts (D:6)
  2 ogres
  2 centaurs
  4 phantoms
  3 kobold brigands
  2 gnoll sergeants (D:7)
  3 scorpions
  2 bullfrogs
  2 necrophages
  6 wights
  3 killer bees (D:9)
  6 howler monkeys
  6 hounds
  2 jellies
  Crazy Yiuf (D:3)
  8 orc priests
  4 iguanas
  Natasha (thrice) (D:3)
  13 orc wizards
  Robin (D:4)
  11 gnolls
  8 adders
  3 shadow imps
  2 white imps
  2 ufetubi
  7 dart slugs
  29 orcs
  10 ball pythons
  12 bats
  11 endoplasms
  8 giant cockroaches
  7 hobgoblins
  3 jackals (D:4)
  12 kobolds
  2 quokkas
  3 frilled lizards
  21 goblins
  3 rats (D:2)
254 creatures vanquished.

Vanquished Creatures (others)
  A wizard (D:6)
1 creature vanquished.

Grand Total: 255 creatures vanquished

Notes
Turn   | Place    | Note
-------+----------+-------------------------------------------
     0 | D:5      | blackman the Demonspawn Delver began the quest for the Orb.
     0 | D:5      | Reached XP level 1. HP: 18/18 MP: 1/1
     4 | D:5      | Found Zexojepu's Antique Armour Shop.
     7 | D:5      | Found Wutug's Antique Weapon Emporium.
    17 | D:5      | Noticed a hound
    34 | D:5      | Found Beucyurr's Weapon Boutique.
    61 | D:5      | Found Ymeyts's General Store.
   116 | D:5      | Noticed an iguana
   126 | D:5      | Killed an iguana
   127 | D:5      | Gained mutation: You have a pair of small horns on your
                  | head. [demonic ancestry]
   127 | D:5      | Reached XP level 2. HP: 14/24 MP: 2/2
   283 | D:5      | Found a large runed translucent door.
   283 | D:5      | Found a large runed translucent door.
   284 | D:5      | Noticed Thoth777's ghost (novice FoFi)
   287 | D:5      | Found a radiant altar of Vehumet.
   287 | D:5      | Found an iron altar of Okawaru.
   287 | D:5      | Found a shimmering altar of Xom.
   288 | D:5      | Found a shimmering altar of Xom.
   307 | D:5      | Noticed a necrophage
   310 | D:4      | Noticed a phantom
   320 | D:4      | Noticed Menkaure
   328 | D:4      | Identified the +1 battleaxe of Monwuyr {freeze, rC+ rN+
                  | rCorr Str+7}
   350 | D:4      | Gained mutation: You sometimes gain a little power by
                  | taking damage. [demonic ancestry]
   350 | D:4      | Reached XP level 3. HP: 13/29 MP: 3/3
   362 | D:4      | Killed Menkaure
   363 | D:4      | Reached skill level 5 in Fighting
   363 | D:4      | Reached XP level 4. HP: 7/39 MP: 4/4
   363 | D:4      | Reached XP level 5. HP: 8/44 MP: 5/5
   821 | D:4      | Killed a phantom
   822 | D:4      | Reached skill level 2 in Axes
  1255 | D:4      | Reached XP level 6. HP: 51/51 MP: 6/6
  1331 | D:5      | Reached skill level 3 in Axes
  1587 | D:4      | Noticed Robin
  2186 | D:4      | Killed Robin
  2187 | D:4      | Reached skill level 4 in Axes
  2390 | D:3      | Noticed Natasha
  2396 | D:3      | Killed Natasha
  2457 | D:3      | Noticed Natasha
  2467 | D:3      | Killed Natasha
  2583 | D:3      | Noticed Natasha
  2587 | D:3      | Killed Natasha
  2588 | D:3      | Gained mutation: You have a somewhat thin skeletal
                  | structure. (Dex +2, Stealth+) [demonic ancestry]
  2588 | D:3      | Reached XP level 7. HP: 56/56 MP: 7/7
  2765 | D:2      | Found a snail-covered altar of Cheibriados.
  3084 | D:2      | Reached skill level 5 in Axes
  4506 | D:3      | Found a runed translucent door.
  4507 | D:3      | Noticed Crazy Yiuf
  4511 | D:3      | Killed Crazy Yiuf
  4662 | D:4      | Reached skill level 6 in Axes
  4822 | D:4      | Found a hazy altar of Hepliaklqana.
  4888 | D:4      | Found a burning altar of Makhleb.
  4924 | D:4      | Became a worshipper of Makhleb the Destroyer
  5200 | D:5      | Found Osikid's Armour Emporium.
  5537 | D:5      | Reached skill level 7 in Axes
  5537 | D:5      | Gained mutation: You have a moderately thin skeletal
                  | structure. (Dex +4, Stealth++) [demonic ancestry]
  5537 | D:5      | Reached XP level 8. HP: 45/62 MP: 8/8
  6475 | D:6      | Found a staircase to the Ecumenical Temple.
  6497 | D:6      | Reached skill level 8 in Axes
  6503 | Temple   | Entered the Ecumenical Temple
  7152 | D:6      | Reached skill level 9 in Axes
  7168 | D:6      | Found a bloodstained altar of Trog.
  7169 | D:6      | Noticed a wizard
  7174 | D:6      | Killed a wizard
  7375 | D:7      | Reached * piety under Makhleb
  7516 | D:7      | Reached XP level 9. HP: 52/68 MP: 9/9
  7664 | D:7      | Noticed Prince Ribbit
  7669 | D:7      | Reached skill level 10 in Axes
  7676 | D:7      | Gained mutation: Your natural rate of healing is unusually
                  | fast. [potion of mutation]
  7676 | D:7      | Gained mutation: You expend magic power (3 MP) to
                  | strengthen your wands. [potion of mutation]
  7676 | D:7      | Gained mutation: You are agile. (Dex +4, Str/Int -1)
                  | [potion of mutation]
  7692 | D:7      | Killed Prince Ribbit
  7768 | D:7      | Found a basalt altar of Yredelemnul.
  7793 | D:7      | Reached skill level 11 in Axes
  8238 | D:8      | Reached ** piety under Makhleb
  8505 | D:8      | Reached skill level 12 in Axes
  8643 | D:8      | Found Tien Itseun's Jewellery Shoppe.
  8727 | D:8      | Found a stormy altar of Qazlal.
  8735 | D:8      | Found an iron altar of Okawaru.
  8775 | D:9      | Gained mutation: You have a pair of horns on your head.
                  | [demonic ancestry]
  8775 | D:9      | Reached XP level 10. HP: 74/74 MP: 10/10
  8814 | D:9      | Noticed an orc knight
  8828 | D:9      | Noticed an orc sorcerer
  8829 | D:9      | Noticed a two-headed ogre
  8830 | D:9      | Noticed a sixfirhy
  8831 | D:9      | Killed an orc knight
  9407 | D:8      | Paralysed by an orc sorcerer for 3 turns
  9411 | D:8      | Noticed a sun demon
  9411 | D:8      | Killed an orc sorcerer
  9412 | D:8      | Reached skill level 13 in Axes
  9910 | D:9      | Reached *** piety under Makhleb
  9983 | D:9      | Reached skill level 14 in Axes
  9994 | D:9      | Reached skill level 1 in Armour
 10043 | D:9      | Noticed a manticore
 10053 | D:9      | Killed a manticore
 10088 | D:9      | Reached XP level 11. HP: 74/81 MP: 11/11
 10094 | D:9      | Noticed a two-headed ogre
 10108 | D:9      | Noticed a centaur warrior
 10110 | D:9      | HP: 1/81 [centaur warrior (5)]
 10110 | D:9      | Asphyxiated

Illustrated notes

Levels and vault maps discovered:
D:1:      elethiomel_arrival_maze, layout_basic, wad_floor_pattern_2,
          minmay_tetromino_s2
D:2:      layout_loops_ring, basic_altar, minmay_surrounded
D:3:      layout_basic, uniq_natasha, uniq_crazy_yiuf_cottage
D:4:      layout_rooms, makhleb_heckhound_becter, kennysheep_mini_moat,
          grunt_decor_clamped, uniq_menkaure, uniq_robin
D:5:      layout_basic, doesnt_xom_only_xom, serial_shops, shop, shop, shop,
          shop, nicolae_stop_n_shop_2, ebering_ghost_disaster_area
D:6:      layout_cave_pools, trog_wizard, minmay_temple_entry_waves
D:7:      layout_basic, yredelemnul_altar_generic, serial_glass,
          glass_columns_a, glass_columns_c, glass_columns_a, glass_columns_a,
          glass_columns_a, glass_columns_a, glass_columns_a, glass_columns_b,
          solitary_fountain, minmay_misc_feat_columns,
          kennysheep_generic_room_6, uniq_prince_ribbit1
D:8:      layout_cave_pools, mainiacjoe_overflow_big_doors, serial_column_ruins,
          column_ruins_columns_corner, column_ruins_open_small,
          column_ruins_grid_1, column_ruins_columns_T, serial_shops, shop
D:9:      minmay_the_grid_3x3 [minmay_the_grid_spin_star,
          minmay_the_grid_pillar_ring, minmay_the_grid_expand,
          minmay_the_grid_paths, minmay_the_grid_rooms, minmay_the_grid_mess,
          minmay_the_grid_armoury, minmay_the_grid_minigrid_small,
          minmay_the_grid_prize_inner_circle], layout_cross,
          dancing_weapons_uskayaw
Temple:   hellmonk_temple_flake

Skill      XL: |  1  2  3  4  5  6  7  8  9 10 |
---------------+-------------------------------+-----
Maces & Flails | 3 |  3.1
Fighting       | 5 6 |  6.1
Axes           | 2 4 7 9 12 14 | 14.1
Armour         | 2 |  2.6
Dodging        | |  1.7
Stealth        | |  4.5

Action                   |  1- 3 |  4- 6 |  7- 9 | 10-12 || total
-------------------------+-------+-------+-------+-------++-------
Melee: Mace              |     5 |       |       |       ||     5
       Battleaxe         |     5 |    81 |   317 |   109 ||   512
       Headbutt          |     2 |    12 |    42 |    24 ||    80
Throw: Javelin           |       |       |     3 |       ||     3
       Dart              |       |       |       |     7 ||     7
Invok: Minor Destruction |       |       |     1 |       ||     1
Evoke: Wand              |     6 |       |     1 |     1 ||     8
  Use: Scroll            |     2 |       |    14 |     1 ||    17
       Potion            |     2 |       |     2 |       ||     4
 Stab: Sleeping          |       |     1 |    16 |       ||    17
Armor: Leather armour    |     4 |    23 |     6 |       ||    33
       Chain mail        |       |       |   163 |    36 ||   199
       Plate armour      |       |       |       |    34 ||    34
Dodge: Dodged            |     8 |    72 |   124 |    46 ||   250
Block: Other             |       |    14 |    82 |    24 ||   120
       Reflection        |       |       |     4 |       ||     4
